 Dungeon Crawl Stone Soup version 0.24.0-13-gcf9b319 (webtiles) character file.

Game seed: 15029462831718050529, levelgen mode: deterministic

15 Fang the Skirmisher (level 2, -4/19 HPs)
             Began as a Gargoyle Berserker on Nov 21, 2019.
             Was a Follower of Trog.
             Killed from afar by a dart slug (8 damage)
             ... with a slug dart
             ... on level 1 of the Dungeon.
             The game lasted 00:00:25 (436 turns).

Fang the Skirmisher (Gargoyle Berserker)             Turns: 436, Time: 00:00:26

Health: -4/19      AC:  5    Str: 20    XL:     2   Next: 50%
Magic:  2/2        EV: 12    Int:  7    God:    Trog [*.....]
Gold:   14         SH:  0    Dex:  9    Spells: 1/1 levels left

rFire    . . .     SeeInvis .   a - +0 hand axe
rCold    . . .     Gourm    .   (no shield)
rNeg     + . .     Faith    .   b - +0 animal skin
rPois    ∞         Spirit   .   (no helmet)
rElec    +         Reflect  .   (no cloak)
rCorr    .         Harm     .   (no gloves)
MR       .....                  (no boots)
Stlth    +.........             (no amulet)
HPRegen  0.06/turn              (no ring)
MPRegen  0.08/turn              (no ring)

@: no status effects
A: negative energy resistance 1, electricity resistance, unbreathing,
petrification resistance, rot immunity, AC +2
a: Berserk, Renounce Religion


You were on level 1 of the Dungeon.
You worshipped Trog.
Trog was aware of your devotion.
You were not hungry.

You visited 1 branch of the dungeon, and saw 1 of its levels.

You collected 14 gold pieces.

Inventory:

Hand Weapons
 a - a +0 hand axe (weapon)
Armour
 b - a +0 animal skin (worn)
Scrolls
 d - a scroll of random uselessness {unknown}
 f - a scroll of enchant weapon {unknown}
 g - a scroll of identify {unknown}
 j - a scroll of magic mapping {unknown}
 k - a scroll of enchant armour {unknown}
 l - a scroll of blinking {unknown}
Potions
 e - 2 potions of curing {unknown}
 i - a potion of resistance {unknown}
 m - a potion of agility {unknown}
Comestibles
 c - a ration
 h - 3 chunks of flesh


   Skills:
 + Level 3.5 Fighting
 + Level 2.9 Axes
 + Level 2.5 Armour
 + Level 1.9 Dodging


You had one spell level left.
You didn't know any spells.
Your spell library was empty.

Dungeon Overview and Level Annotations

Branches:
Dungeon (1/15)

Altars:


Innate Abilities, Weirdness & Mutations

You are resistant to torment.
Your stone body is resilient. (AC +2)
You are immune to poison.
You resist negative energy. (rN+)
You are resistant to electric shocks. (rElec)
You can survive without breathing.
You are immune to petrification.
You are immune to rotting.


Message History

The ball python completely misses you.
You barely miss the ball python. You hit the dart slug but do no damage.
The ball python closely misses you. x2; The dart slug barely misses you.
You are too injured to fight recklessly!
You barely miss the ball python. You completely miss the dart slug.
The ball python barely misses you. The ball python grabs you.
The ball python constricts you.
The ball python bites you but does no damage.
The ball python constricts you.
You are too injured to fight recklessly!
You hit the ball python.
You kill the ball python!
Trog accepts your kill.
You hit the dart slug but do no damage.
The dart slug bites you but does no damage.
The dart slug closely misses you.
You see here a ball python corpse.
The dart slug launches a dart at you. The slug dart hits you!
You die...

.......#.# #.#
#........... .....
...#......#####......)..
#...........##.........
#.?.........##.........
##...........##.........
.............##........#
#......w....##......).#
#.....@†....##........#
#.................(....#
#.[..........######.####
#.)..........##....(.# #
#.#..........##......###
^....#####.####.........
..... #.. ####.##(##
..... ###. #.##(#
..#....##


You could see a dart slug.

Vanquished Creatures
  2 leopard geckos (D:1)
  A goblin (D:1)
  3 hobgoblins (D:1)
  A ball python (D:1)
  A frilled lizard (D:1)
  4 kobolds (D:1)
  A rat (D:1)
13 creatures vanquished.

Notes
Turn   | Place    | Note
-------+----------+-------------------------------------------
     0 | D:1      | Fang the Gargoyle Berserker began the quest for the Orb.
     0 | D:1      | Reached XP level 1. HP: 14/14 MP: 1/1
   298 | D:1      | Reached XP level 2. HP: 14/19 MP: 2/2
   436 | D:1      | Killed from afar by a dart slug

Levels and vault maps discovered:
D:1:      minmay_arrival_diagonal_passages, layout_rooms

Action                   || total
-------------------------++-------
Melee: Hand axe          ||    41
Armor: Animal skin       ||    18
Dodge: Dodged            ||    38
